 Dungeon Crawl Stone Soup version 0.31.0-32-g396128a36d (webtiles) character file.

Game seed: 7600656027055116326

1240 imdaedric the Magician (level 8, -9/41 HPs)
             Began as a Deep Elf Conjurer on Apr 8, 2024.
             Killed from afar by Maggie (28 damage)
             ... with a bolt of fire
             ... on level 6 of the Dungeon.
             The game lasted 00:13:39 (6166 turns).

imdaedric the Magician (Deep Elf Conjurer)          Turns: 6166, Time: 00:13:39

Health: -9/41      AC:  8    Str:  4    XL:     8   Next: 25%
Magic:  7/20       EV: 12    Int: 26    God:
Gold:   192        SH:  0    Dex: 13    Spells: 10/21 levels left

rFire   . . .        v - +4 dagger
rCold   . . .        (no shield)
rNeg    . . .        a - +1 robe
rPois   .            (no helmet)
rElec   .            o - +0 cloak
rCorr   .            x - +2 pair of gloves
SInv    .            f - +0 pair of boots
Will    +....        (no amulet)
Stlth   ++           q - ring of willpower
HPRegen 0.26/turn    (no ring)
MPRegen 0.17/turn

%: no passive effects
@: no status effects
A: no striking features
a: no special abilities


You were on level 6 of the Dungeon.
You visited 1 branch of the dungeon, and saw 6 of its levels.

You collected 192 gold pieces.

Inventory:

Hand Weapons
 v - a +4 dagger (weapon)
Armour
 a - a +1 robe (worn)
 f - a +0 pair of boots (worn)
 o - a +0 cloak (worn)
 x - a +2 pair of gloves (worn)
Jewellery
 q - a ring of willpower (left hand)
Scrolls
 d - a scroll of enchant armour
 e - a scroll of noise {unknown}
 j - a scroll of identify
 k - 8 scrolls of teleportation
 n - a scroll of revelation {unknown}
 r - a scroll of fear {unknown}
 s - a scroll of fog {unknown}
 t - a scroll of amnesia {unknown}
 u - a scroll of immolation {unknown}
Potions
 b - a potion of invisibility {unknown}
 c - a potion of brilliance
 g - a potion of heal wounds
 h - a potion of experience {unknown}
 i - a potion of haste {unknown}
 l - a potion of ambrosia {unknown}
 m - a potion of curing
 p - a potion of enlightenment


   Skills:
 - Level 2.4 Dodging
 - Level 2.4 Stealth
 * Level 7.1 Spellcasting
 * Level 7.0 Conjurations
 * Level 5.2 Translocations
 * Level 5.2 Alchemy


You had 10 spell levels left.
You knew the following spells:

 Your Spells              Type           Power      Damage    Failure   Level
a - Magic Dart            Conj           100%       1d8       1%          1
s - Fulminant Prism       Conj/Alch      20%        3d12      4%          4
x - Iskenderun's Mystic   Conj/Tloc      41%        2d9       4%          4
z - Searing Ray           Conj           90%        2d7       1%          2

Your spell library contained the following spells:

 Spells                   Type           Power      Damage    Failure   Level
 Manifold Assault         Tloc           36%        N/A       7%          4
 Ensorcelled Hibernation  Hex/Ice        18%        N/A       10%         2
 Fugue of the Fallen      Necr           9%         N/A       19%         3
 Ozocubu's Armour         Ice            9%         N/A       19%         3
 Anguish                  Hex/Necr       4%         N/A       52%         4


Dungeon Overview and Level Annotations

Branches:
Dungeon (6/15)
 Temple: D:4-7

Altars:
Ashenzari
Cheibriados
Dithmenos
Hepliaklqana
Kikubaaqudgha
Xom
The Shining One

Shops:
D:1 (   D:4 =

Annotations:
D:6 Maggie


Message History

An iguana comes into view.
Maggie gestures at you while chanting.
The bolt of fire hits your fulminant prism!
Your fulminant prism resists.
Your fulminant prism detonates feebly.
The bolt of fire hits you.
The iguana hisses angrily.
Maggie says, "How do the people who live here stand the isolation?"
The iguana hisses menacingly.
Casting: Fulminant Prism (dangerous; 4% risk of failure)
Confirm with . or Enter, or press ? or * to list all spells.
Aiming: Fulminant Prism (dangerous; 4% risk of failure)
Press: ? - help, Dir - move target You conjure a prism of explosive energy!
A fulminant prism comes into view.
Your fulminant prism crackles loudly.
Maggie mumbles the words to a spell, but in the wrong order.
Maggie points at you and mumbles some strange words.
The bolt of fire hits you!!
Ouch! That really hurt!
Your fulminant prism explodes!
The blast of energy engulfs Maggie!!
Maggie is severely wounded.
You hear a shout! x2
Casting: Fulminant Prism (dangerous; 4% risk of failure)
Confirm with . or Enter, or press ? or * to list all spells.
Aiming: Searing Ray (safe; 1% risk of failure)
Press: ? - help, Shift-Dir - straight line, f - Maggie
Aim: Maggie, wielding a +0 scimitar of flaming and wearing +0 steam dragon scales (severely wounded, 82% to hit)
The searing ray hits Maggie.
Maggie is severely wounded. (Press . to maintain the ray.) Maggie gestures wildly while chanting.
Maggie attempts to bespell you!
You easily resist.
The searing ray hits Maggie.
Maggie is almost dead.
Maggie casts a spell at you. The bolt of fire hits you!!
Ouch! That really hurt!
You die...

####....#####.###
#............
#..........#####
#####......#!..
##.
##......#.#.....
#............$..
#.....@##.......
#...#.## .......
#####@# .......
#.# ....... #.#
..#.### #.# ..#.#
#.# ### # #.. #..
...


You could see Maggie.

Vanquished Creatures
  Eustachio (D:5)
  A water moccasin (D:4)
  A sky beast (D:5)
  An ogre (D:5)
  2 phantoms (D:5)
  3 scorpions (D:4)
  3 bombardier beetles
  3 hounds
  A jelly (D:3)
  2 orc priests
  An iguana (D:5)
  5 adders
  A shadow imp (D:5)
  A white imp (D:5)
  6 dart slugs
  3 ribbon worms
  14 orcs
  6 ball pythons
  3 bats
  13 endoplasms
  4 giant cockroaches
  13 goblins
  13 hobgoblins
  2 quokkas (D:5)
  2 frilled lizards (D:1)
  3 kobolds
  7 rats
115 creatures vanquished.

Vanquished Creatures (others)
  6 fulminant prisms
6 creatures vanquished.

Grand Total: 121 creatures vanquished

Notes
Turn   | Place    | Note
-------+----------+-------------------------------------------
     0 | D:1      | imdaedric the Deep Elf Conjurer began the quest for the
                  | Orb.
     0 | D:1      | Reached XP level 1. HP: 10/10 MP: 6/6
   114 | D:1      | Found Ushipp's Antique Weapon Shoppe.
   418 | D:1      | Reached XP level 2. HP: 15/15 MP: 2/8
   438 | D:1      | Learned a level 2 spell: Searing Ray
   511 | D:1      | Reached skill level 1 in Translocations
   588 | D:1      | Reached skill level 1 in Alchemy
  1335 | D:2      | Reached XP level 3. HP: 19/19 MP: 0/10
  1870 | D:2      | Reached XP level 4. HP: 24/24 MP: 7/11
  2369 | D:3      | Found a shadowy altar of Dithmenos.
  2479 | D:3      | Reached skill level 5 in Conjurations
  2542 | D:3      | Found a shimmering altar of Xom.
  2711 | D:3      | Reached XP level 5. HP: 28/28 MP: 7/13
  3075 | D:3      | Found an ancient bone altar of Kikubaaqudgha.
  3134 | D:3      | Found a broken altar of Ashenzari.
  3494 | D:4      | Found a snail-covered altar of Cheibriados.
  3501 | D:4      | Reached XP level 6. HP: 32/32 MP: 8/15
  3739 | D:4      | Reached skill level 5 in Spellcasting
  4160 | D:4      | Found Ucvy's Jewellery Boutique.
  4310 | D:4      | Noticed a water moccasin
  4314 | D:4      | Killed a water moccasin
  4315 | D:4      | Reached XP level 7. HP: 32/36 MP: 11/17
  4801 | D:5      | Entered Level 5 of the Dungeon
  4817 | D:5      | Learned a level 4 spell: Fulminant Prism
  4822 | D:5      | Learned a level 4 spell: Iskenderun's Mystic Blast
  4949 | D:5      | Identified the +6 sling "Ganawum" {drain, Int-4 Dex+4}
  5506 | D:5      | Reached XP level 8. HP: 20/41 MP: 6/20
  5600 | D:5      | Noticed Eustachio
  5619 | D:5      | Killed Eustachio
  5620 | D:5      | Reached skill level 5 in Translocations
  5620 | D:5      | Reached skill level 5 in Alchemy
  5738 | D:5      | Found a hazy altar of Hepliaklqana.
  6060 | D:5      | Found a glowing golden altar of the Shining One.
  6154 | D:6      | Noticed Maggie
  6166 | D:6      | Killed from afar by Maggie

Illustrated notes

Levels and vault maps discovered:
D:1:      lightli_arrival_boilingwater, layout_basic, serial_shops, shop,
          minmay_tripent
D:2:      layout_loops_ring, amcnicky_mini_rare_corridor_liquid, st_stairs_3
D:3:      layout_loops_ring, xom_redecorated, ashenzari_altar_1,
          lemuel_doored_altar, mainiacjoe_overflow_alcove_1
D:4:      layout_loops_corners, slow_altar_1, serial_shops, shop,
          kennysheep_dice, uniq_robin
D:5:      layout_gridville, lemuel_crystal_altar, tso_oasis_becter,
          serial_rivers, chequers_serial_rivers_micro_d,
          chequers_serial_rivers_room_a, chequers_serial_rivers_micro_a,
          chequers_serial_rivers_small_b, chequers_serial_rivers_small_3,
          amethyst_killhole, minmay_misc_feat_tower, uniq_eustachio
D:6:      layout_basic, lemuel_coloured_pillars_altar, general_overflow_altar,
          kennysheep_mini_moat, gup_sewer_entry_spiral,
          hangedman_decor_opposing, minmay_misc_feat_cross, uniq_maggie

Skill      XL: |  1  2  3  4  5  6  7  8 |
---------------+-------------------------+-----
Translocations | 1 2 3 4 5 |  5.2
Alchemy        | 1 2 3 4 5 |  5.2
Spellcasting   | 4 5 6 7 |  7.1
Conjurations   | 5 6 7 |  7.0
Dodging        | |  2.4
Stealth        | |  2.4

Action                     |  1- 3 |  4- 6 |  7- 9 || total
---------------------------+-------+-------+-------++-------
   Cast: Magic Dart        |    55 |    59 |    40 ||   154
         Searing Ray       |     9 |    20 |    24 ||    53
         Fulminant Prism   |       |       |     6 ||     6
         Iskenderun's Myst |       |       |     2 ||     2
    Use: Scroll            |       |     2 |     5 ||     7
         Potion            |       |     1 |     1 ||     2
 Armour: Robe              |     1 |    13 |    21 ||    35
  Dodge: Dodged            |     3 |     8 |     7 ||    18
